 Dungeon Crawl Stone Soup version 0.29-a0-620-g13ace881f2 (webtiles) character file.

Game seed: 14853604549417461030

516 wilfster70 the Conjurer (level 7, -5/36 HPs)
             Began as a Deep Elf Fire Elementalist on June 18, 2022.
             Killed by nerve-wracking pain
             ... invoked by an orc priest
              (10 damage)
             ... on level 4 of the Dungeon.
             The game lasted 00:09:18 (3640 turns).

wilfster70 the Conjurer (DEFE)                      Turns: 3640, Time: 00:09:18

Health: -5/36      AC:  3    Str:  5    XL:     7   Next: 0%
Magic:  5/14       EV: 12    Int: 22    God:
Gold:   170        SH:  0    Dex: 15    Spells: 8/13 levels left

rFire   + . .      SeeInvis .   b - +2 dagger (vamp)
rCold   . . .      Faith    .   (no shield)
rNeg    . . .      Spirit   .   e - +0 robe
rPois   .          Reflect  .   (no helmet)
rElec   .          Harm     .   (no cloak)
rCorr   .          Rampage  .   (no gloves)
Will    .....                   c - +0 pair of boots
Stlth   ++........              (no amulet)
HPRegen 0.12/turn               g - ring of protection from fire
MPRegen 0.14/turn               (no ring)

@: no status effects
A: no striking features
a: no special abilities


You were on level 4 of the Dungeon.
You visited 1 branch of the dungeon, and saw 4 of its levels.

You collected 170 gold pieces.

Inventory:

Hand Weapons
 a - a +0 hunting sling
 b - a +2 vampiric dagger (weapon)
Missiles
 m - 6 poisoned darts
Armour
 c - a +0 pair of boots (worn)
 e - a +0 robe (worn)
Jewellery
 g - a ring of protection from fire (left hand)
Scrolls
 d - a scroll of fog {unknown}
 h - a scroll of enchant weapon {unknown}
 k - a scroll of vulnerability {unknown}
 l - a scroll of summoning {unknown}
 q - a scroll of amnesia {unknown}
 r - a scroll of identify
 s - a scroll of teleportation
 v - a scroll of brand weapon {unknown}
Potions
 f - a potion of mutation
 i - a potion of magic
 j - 2 potions of curing
 n - 2 potions of haste
 o - a potion of experience {unknown}
 p - a potion of ambrosia
 t - a potion of heal wounds {unknown}
 u - a potion of berserk rage {unknown}


   Skills:
 - Level 2.4 Dodging
 - Level 2.4 Stealth
 + Level 3.9 Spellcasting
 - Level 6.0 Conjurations
 - Level 6.0 Fire Magic


You had 8 spell levels left.
You knew the following spells:

 Your Spells              Type           Power      Damage    Failure   Level
a - Foxfire               Conj/Fire      100%       2x1d9     1%          1
b - Magic Dart            Conj           100%       1d8       1%          1
c - Mephitic Cloud        Conj/Pois/Air  13%        N/A       16%         3

Your spell library contained the following spells:

 Spells                   Type           Power      Damage    Failure   Level
 Scorch                   Fire           60%        2d8       1%          2
 Conjure Flame            Conj/Fire      30%        6-21      3%          3
 Inner Flame              Hex/Fire       17%        N/A       10%         3
 Flame Wave               Conj/Fire      30%        2d8       10%         4
 Summon Small Mammal      Summ           16%        N/A       12%         1
 Call Imp                 Summ           4%         N/A       17%         2
 Call Canine Familiar     Summ           4%         N/A       34%         3
 Gell's Gravitas          Tloc           4%         N/A       34%         3
 Lesser Beckoning         Tloc           4%         N/A       34%         3
 Summon Guardian Golem    Hex/Summ       4%         N/A       34%         3
 Teleport Other           Tloc           4%         N/A       34%         3


Dungeon Overview and Level Annotations

Branches:
Dungeon (4/15)
 Temple: D:4-7

Altars:
Cheibriados
Dithmenos
Elyvilon
Kikubaaqudgha
Okawaru
Uskayaw
Wu Jian

Shops:
D:1 :

Annotations:
D:2 1 runed translucent door, Crazy Yiuf


Message History

Casting: Foxfire (safe; 1% risk of failure)
Confirm with . or Enter, or press ? or * to list all spells.
You conjure some foxfire!
The orc priest mumbles some strange prayers to Beogh against you.
Beogh smites you!
* * * LOW HITPOINT WARNING * * *
The foxfire hits the orc!
You kill the orc!
The foxfire hits the orc priest.
The orc priest is moderately wounded.
Casting: Foxfire (safe; 1% risk of failure)
Confirm with . or Enter, or press ? or * to list all spells.
You conjure some foxfire!
The orc priest misses you.
The orc priest barely misses your foxfire.
The foxfire hits the orc priest.
The orc priest is heavily wounded.
The foxfire hits the orc priest but does no damage.
The orc priest is heavily wounded.
The orc priest hits you but does no damage.
Casting: Foxfire (safe; 1% risk of failure)
Confirm with . or Enter, or press ? or * to list all spells.
You conjure some foxfire!
The orc priest hits you but does no damage.
The foxfire hits the orc priest.
The orc priest is heavily wounded.
The foxfire hits the orc priest but does no damage.
The orc priest is heavily wounded.
The orc priest hits you with a +0 hand axe.
* * * LOW HITPOINT WARNING * * *
Casting: Foxfire (safe; 1% risk of failure)
Confirm with . or Enter, or press ? or * to list all spells.
You conjure some foxfire!
The orc priest misses you.
The orc priest hits your foxfire with a +0 hand axe. x2
The foxfire hits the orc priest but does no damage.
The orc priest is heavily wounded.
The foxfire hits the orc priest but does no damage.
The orc priest is heavily wounded.
The orc priest calls down the wrath of Beogh upon you.
Pain shoots through your body!
You die...

###..#⌠...#...
##....######..# .#...
#.............##.....
#..............#....
#.......##.........
#...#.#.##..# #..#
##.####.....##...#
### #......)...#
###..#.@o##.#
#....#....#
####.###..##
#.#...##### ###....##
#..<....# ##.....##
#######


You could see an orc priest.

Vanquished Creatures
  Grinder (D:3)
  Sigmund (D:3)
  A scorpion (D:4)
  5 adders
  A worm (D:2)
  A dart slug (D:1)
  5 orcs
  5 bats
  13 endoplasms
  A giant cockroach (D:2)
  8 goblins
  10 hobgoblins
  2 quokkas
  4 ball pythons
  5 frilled lizards
  3 kobolds
  3 rats
69 creatures vanquished.

Vanquished Creatures (others)
  A human (D:3)
  183 foxfires
184 creatures vanquished.

Grand Total: 253 creatures vanquished

Notes
Turn   | Place    | Note
-------+----------+-------------------------------------------
     0 | D:1      | wilfster70 the Deep Elf Fire Elementalist began the quest
                  | for the Orb.
     0 | D:1      | Reached XP level 1. HP: 10/10 MP: 6/6
    46 | D:1      | Found Hukaofipn's Book Shop.
   190 | D:1      | Learned a level 1 spell: Magic Dart
   234 | D:1      | Reached XP level 2. HP: 15/15 MP: 6/8
   681 | D:1      | Reached XP level 3. HP: 19/19 MP: 7/9
   888 | D:1      | Found a faded altar of an unknown god.
  2049 | D:2      | Found a runed translucent door.
  2050 | D:2      | Noticed Crazy Yiuf
  2131 | D:2      | Reached XP level 4. HP: 24/24 MP: 7/10
  2135 | D:2      | Learned a level 3 spell: Mephitic Cloud
  2807 | D:3      | Found an ancient bone altar of Kikubaaqudgha.
  2807 | D:3      | Noticed a human
  2811 | D:3      | Killed a human
  2820 | D:3      | Found a shadowy altar of Dithmenos.
  2824 | D:3      | Found a snail-covered altar of Cheibriados.
  2858 | D:3      | Found a white marble altar of Elyvilon.
  2858 | D:3      | Found an ornate altar of the Wu Jian Council.
  2860 | D:3      | Found an iron altar of Okawaru.
  3013 | D:3      | Noticed Grinder
  3029 | D:3      | Killed Grinder
  3030 | D:3      | Reached XP level 5. HP: 2/28 MP: 6/11
  3030 | D:3      | Reached XP level 6. HP: 3/32 MP: 6/12
  3335 | D:3      | Noticed Sigmund
  3351 | D:3      | Killed Sigmund
  3594 | D:4      | Found a hide-covered altar of Uskayaw.
  3633 | D:4      | Reached XP level 7. HP: 19/36 MP: 8/14
  3640 | D:4      | Killed from afar by an orc priest

Illustrated notes

Levels and vault maps discovered:
D:1:      onia_arrival_mini_spirals, layout_basic,
          ebering_ecumenical_altar_mist, serial_shops, shop,
          chequers_serial_rivers_marsh
D:2:      layout_loops_ring, minmay_misc_feat_tower, uniq_crazy_yiuf_cottage
D:3:      layout_basic, tgw_kikubaaqudgha, nicolae_overflow_hidden_temple,
          uniq_sigmund, uniq_grinder
D:4:      layout_cave_pools, kennysheep_mini, mainiacjoe_overflow_alcove_2

Skill      XL: |  1  2  3  4  5  6 |
---------------+-------------------+-----
Conjurations   | 2 4 6 |  6.0
Fire Magic     | 4 6 |  6.0
Dodging        | |  2.4
Stealth        | |  2.4
Spellcasting   | |  3.9

Action                   |  1- 3 |  4- 6 |  7- 9 || total
-------------------------+-------+-------+-------++-------
Melee: Dagger            |     3 |       |       ||     3
 Fire: Hunting sling     |     3 |       |       ||     3
 Cast: Foxfire           |    61 |    44 |     4 ||   109
  Use: Scroll            |     5 |     2 |       ||     7
Armor: Robe              |    14 |     1 |     2 ||    17
Dodge: Dodged            |    22 |     2 |     2 ||    26

Table legend: (Time is in decaauts)
 A = Elapsed time spent in this place.
 B = Non-inter-level travel time spent in this place.
 C = Inter-level travel time spent in this place.
 D = Time resting spent in this place.
 E = Time spent auto-exploring this place.
 F = Levels seen in this place.
 G = Mean time per level.
                   A        B        C        D        E       F      G
               +--------+--------+--------+--------+--------+-----+--------+
         Total |   3640 |   3564 |     76 |    976 |   1611 |   4 |  910.0 |
       Dungeon |   3640 |   3564 |     76 |    976 |   1611 |   4 |  910.0 |
               +--------+--------+--------+--------+--------+-----+--------+

Top non-repeatable levels by time:
     D:2: 1318 daAuts
     D:3: 1177 daAuts
     D:1: 1078 daAuts
     D:4: 65 daAuts
